 Dungeon Crawl Stone Soup version 0.20-a0-1122-gb7cbeb9 (webtiles) character file.

22 M4edhros the Grave Robber (level 2, 0/17 HPs)
             Began as an Octopode Necromancer on May 11, 2017.
             Slain by a kobold (2 damage)
             ... on level 3 of the Dungeon.
             The game lasted 00:02:35 (452 turns).

M4edhros the Grave Robber (Octopode Necromancer)     Turns: 452, Time: 00:02:36

Health: 0/17       AC:  1    Str:  7    XL:     2   Next: 91%
Magic:  5/5        EV: 13    Int: 17    God:
Gold:   30         SH:  0    Dex: 12    Spells: 3/5 levels left

rFire    . . .     SeeInvis .     - Unarmed
rCold    . . .     Gourm    .   (no shield)
rNeg     . . .     Faith    .   (helmet restricted)
rPois    .         Spirit   .   (no amulet)
rElec    .         Reflect  .   (no ring)
rCorr    .         Harm     .   (no ring)
MR       .....                  (no ring)
Stlth    +++.......             (no ring)
Regen    0.1/turn               (no ring)
MPRegen  0.1/turn               (no ring)
                                (no ring)
                                (no ring)

@: no status effects
A: almost no armour, stealthy swim, amphibious, 8 rings, constrict 8, camouflage
1, gelatinous body 1
a: no special abilities


You were on level 3 of the Dungeon.
You were not hungry.

You visited 1 branch of the dungeon, and saw 4 of its levels.

You collected 30 gold pieces.

Inventory:

Scrolls
 d - a scroll of fog
 e - 2 scrolls of identify
Books
 a - a book of Necromancy

   Spells                             Type                      Level
   a - Pain                           Necromancy                   1
   b - Animate Skeleton               Necromancy                   1
   c - Vampiric Draining              Necromancy                   3
   d - Regeneration                   Charms/Necromancy            3
   e - Animate Dead                   Necromancy                   4
   f - Control Undead                 Necromancy                   4
Comestibles
 b - a bread ration


   Skills:
 - Level 2.0 Dodging
 - Level 2.6 Stealth
 + Level 2.4 Unarmed Combat
 - Level 2.0 Spellcasting
 - Level 4.0 Necromancy


You had 3 spell levels left.
You knew the following spells:

 Your Spells              Type           Power        Failure   Level  Hunger
a - Pain                  Necr           ###.         3%          1    #......
b - Animate Skeleton      Necr           N/A          3%          1    #......


Dungeon Overview and Level Annotations

Branches:
Dungeon (4/15)
 Temple: D:4-7

Altars:
Kikubaaqudgha
Zin


Innate Abilities, Weirdness & Mutations

You cannot wear most types of armour.
You are very stealthy in the water. (Stealth+)
You are amphibious.
You can wear up to eight rings at the same time.
You can use your tentacles to constrict eight enemies at once.
Your skin changes colour to match your surroundings (Stealth+).
Your rubbery body absorbs attacks. (AC +1, EV +1)


Message History

There is a stone staircase leading up here.
You climb upwards.
A ball python, an adder, a rat and a kobold come into view.
The ball python hisses angrily.
Found 9 gold pieces and a scroll labeled CYPSAG ZA ZIA.
There is a stone staircase leading down here.
Casting: Pain
Confirm with . or Enter, or press ? or * to list all spells.
Aiming: Pain
Press: ? - help, Shift-Dir - straight line, f - ball python
Aim: a ball python (chance to defeat MR: 85%)
The ball python writhes in agony!
You kill the ball python!
The kobold shouts!
The adder hisses angrily.
A kobold comes into view.
Found a stone staircase leading up.
The kobold completely misses you.
There is a stone staircase leading up here.
Magic restored.
The kobold hits you.
You die...

.... ....#####
........#
........#######
.........rS..r#
.$.....>#####S#
........# #.#
....?...# #K#
####....# #@#
#....# #K#
#....# #.#
#....# #.#
###.## ..# ###


You could see an adder, 2 kobolds and a rat.

Vanquished Creatures
  An ooze (D:2)
  3 orcs (D:4)
  A bat (D:3)
  2 giant cockroaches
  2 hobgoblins (D:1)
  A ball python (D:3)
  2 frilled lizards
  A quokka skeleton (D:4)
  2 rats (D:3)
15 creatures vanquished.

Notes
Turn   | Place    | Note
-------+----------+-------------------------------------------
     0 | D:1      | M4edhros the Octopode Necromancer began the quest for the Orb.
     0 | D:1      | Reached XP level 1. HP: 11/11 MP: 3/3
    36 | D:1      | Learned a level 1 spell: Animate Skeleton
   107 | D:1      | Reached skill level 1 in Unarmed Combat
   162 | D:2      | Found a glowing silver altar of Zin.
   180 | D:2      | Reached XP level 2. HP: 6/17 MP: 0/5
   355 | D:4      | Found an ancient bone altar of Kikubaaqudgha.
   452 | D:3      | Slain by a kobold

Vault maps used:
D:1:      minmay_arrival_loop, minmay_surrounded
D:2:      gammafunk_temple_overflow_claw, zin_statuary,
          nicolae_overflow_crystal_walls
D:3:      first_bread, serial_bayou_crossing
D:4:      kiku_gazebo_garden_becter, nicolae_tso_besieged_by_evil

Skill      XL: |  1  2 |
---------------+-------+-----
Unarmed Combat | 1 2 |  2.4
Dodging        | |  2.0
Stealth        | |  2.6
Spellcasting   | |  2.0
Necromancy     | |  4.0

Action                   || total
-------------------------++-------
Melee: Unarmed           ||    18
       Tentacles         ||     3
       Constrict         ||     4
 Cast: Pain              ||    20
       Animate Skeleton  ||     2
  Use: Scroll            ||     1
 Stab: Sleeping          ||     2
Armor: Skin              ||     2
Dodge: Dodged            ||    12
